 Dungeon Crawl Stone Soup version 0.28.0-45-g0d030f2227 (webtiles) character file.

Game seed: 17293849312203395362

62 ImHallYall the Bolt Thrower (level 4, -6/37 HPs)
             Began as a Ghoul Hunter on Apr 7, 2022.
             Was an Initiate of Ashenzari.
             Splashed by a jelly's acid (11 damage)
             ... created by Jiyva
             ... on level 3 of the Dungeon.
             The game lasted 00:06:29 (2577 turns).

ImHallYall the Bolt Thrower (Ghoul Hunter)          Turns: 2577, Time: 00:06:31

Health: -6/37      AC: -2    Str: 17    XL:     4   Next: 8%
Magic:  3/3        EV: 10    Int:  6    God:    Ashenzari [......]
Gold:   93         SH:  0    Dex:  9    Spells: 3/3 levels left

rFire   . . .      SeeInvis .   m - +0 falchion
rCold   + . .      Faith    .   (no shield)
rNeg    + + +      Spirit   .   j - +0 ring mail
rPois   ∞          Reflect  .   (no helmet)
rElec   .          Harm     .   (no cloak)
rCorr   .          Rampage  .   (no gloves)
Will    .....                   (no boots)
Stlth   +.........              (no amulet)
HPRegen 0.00/turn               (no ring)
MPRegen 0.08/turn               (no ring)

@: corroded, inhibited regen
A: claws 1, cold resistance 1, negative energy resistance 3, inhibited
regeneration, torment resistance 2
a: Renounce Religion


You were on level 3 of the Dungeon.
You worshipped Ashenzari.
Ashenzari was noncommittal.
You visited 1 branch of the dungeon, and saw 3 of its levels.

You collected 93 gold pieces.

Inventory:

Hand Weapons
 a - a +1 hand crossbow
 b - a +0 short sword
 g - a +3 dagger
 i - a +0 flail
 m - a +0 falchion (weapon)
Missiles
 d - 19 bolts
Armour
 c - a +0 leather armour
 j - a +0 ring mail (worn)
Jewellery
 e - a ring of wizardry
Scrolls
 l - a scroll of identify
Potions
 f - 2 potions of curing
 h - a potion of magic
 k - a potion of ambrosia {unknown}


   Skills:
 + Level 2.4 Fighting
 + Level 0.7(0.9) Short Blades
 + Level 0.4(0.7) Long Blades
 + Level 4.4 Crossbows
 + Level 0.9 Armour
 + Level 1.9 Dodging
 + Level 1.1 Stealth


You had 3 spell levels left.
You didn't know any spells.
Your spell library contained the following spells:

 Spells                   Type           Power      Damage    Failure   Level
 Beastly Appendage        Tmut           Unusable   N/A       N/A         1

Dungeon Overview and Level Annotations

Branches:
Dungeon (3/15)

Altars:
Ashenzari
Jiyva


Innate Abilities, Weirdness & Mutations

You thrive by killing the living.
You are immune to poison.
You have sharp fingernails.
Your flesh is cold resistant. (rC+)
You are immune to negative energy. (rN+++)
You do not regenerate when monsters are visible.
You are immune to unholy pain and torment.


Message History

The dart slug launches a dart at you.
The slug dart hits you but does no damage.
You hit the dart slug.
The dart slug is almost dead.
The dart slug bites you.
You hit the dart slug.
You kill the dart slug!
You feel better.
Found a stone staircase leading up.
You see here a worm corpse.
You hear a series of splatters.
Found a stone staircase leading down.
Unknown command.
As you open the door, it creaks loudly!
Found a black potion.
Found a broken altar of Ashenzari.
There is an open door here.
There is a broken altar of Ashenzari here.
You kneel at the altar of Ashenzari.
You have lost your religion!
Jiyva does not appreciate desertion!
All of your fellow slimes turn on you. Ashenzari welcomes you!
Ashenzari warns you of distant threats and treasures.
Ashenzari reveals the structure of the dungeon to you.
Ashenzari shows you where magical portals lie.
There is an open door here.
A jelly comes into view.
The jelly quivers.
The jelly hits you but does no damage.
You hit the jelly but do no damage. The acid corrodes you!
Your claws burn!
The jelly completely misses you.
You hit the jelly.
Your claws burn!
The jelly is lightly wounded.
The jelly hits you.
You are splashed with acid!
The jelly hits you.
You are splashed with acid!
You hit the jelly. The acid corrodes you!
Your claws burn!
* * * LOW HITPOINT WARNING * * *
The jelly is heavily wounded.
The jelly hits you.
* * * LOW HITPOINT WARNING * * *
You are splashed with acid!
You die...

########.............>##....#
#.###...###....##....# #.
#..###......##....# #
##.##........#######
#.#..#.........#
#...#####......#
#...#...#......#
#...#._.'......#
##..#...#@.##### #..#####J##
##.!# ..# ##.# ...# #..###.#
##...### #######


You could see a jelly.

Vanquished Creatures
  A gnoll (D:1)
  An adder (D:3)
  2 worms
  2 dart slugs
  3 ball pythons
  An endoplasm (D:1)
  A giant cockroach (D:3)
  A goblin (D:2)
  7 hobgoblins
  4 jackals (D:1)
  A quokka (D:1)
  2 bats (D:1)
  4 frilled lizards
  A kobold (D:1)
  3 rats
34 creatures vanquished.

Vanquished Creatures (others)
  Jessica (D:2)
  2 adders (D:2)
  2 endoplasms
  2 goblins (D:2)
  A rat (D:2)
8 creatures vanquished.

Grand Total: 42 creatures vanquished

Notes
Turn   | Place    | Note
-------+----------+-------------------------------------------
     0 | D:1      | ImHallYall the Ghoul Hunter began the quest for the Orb.
     0 | D:1      | Reached XP level 1. HP: 17/17 MP: 0/0
   127 | D:1      | Reached XP level 2. HP: 9/24 MP: 1/1
   129 | D:1      | Reached skill level 4 in Crossbows
   690 | D:1      | Found a faded altar of an unknown god.
   703 | D:1      | Got Plato's Disquisition on Changing
   706 | D:1      | Prayed at the altar of an unknown god.
   706 | D:1      | Became a worshipper of Jiyva Jaxirr the Shapeless
   706 | D:1      | Reached * piety under Jiyva
   725 | D:1      | Reached XP level 3. HP: 30/30 MP: 2/2
  1284 | D:2      | Killed Jessica
  1317 | D:2      | Reached ** piety under Jiyva
  2312 | D:3      | Reached XP level 4. HP: 26/37 MP: 3/3
  2566 | D:3      | Found a broken altar of Ashenzari.
  2570 | D:3      | Fell from the grace of Jiyva
  2570 | D:3      | Became a worshipper of Ashenzari the Shackled
  2577 | D:3      | Splashed by a jelly's acid

Illustrated notes

Levels and vault maps discovered:
D:1:      dpeg_arrival_rhombus, layout_rooms,
          shapermc_ecumenical_altar_rom_forum, nicolae_figureground_pulse
D:2:      layout_basic, kennysheep_nub, chequers_serial_rivers_micro_a,
          uniq_jessica
D:3:      layout_rooms, nicolae_ashenzari_skybound

Skill      XL: |  1  2 |
---------------+-------+-----
Crossbows      | 4 |  4.4
Fighting       | |  2.4
Short Blades   | |  0.7
Long Blades    | |  0.4
Armour         | |  0.9
Dodging        | |  1.9
Stealth        | |  1.1

Action                   |  1- 3 |  4- 6 || total
-------------------------+-------+-------++-------
Melee: Dagger            |    66 |       ||    66
       Falchion          |    41 |    11 ||    52
       Hand crossbow     |     1 |       ||     1
 Fire: Hand crossbow     |    17 |       ||    17
  Use: Scroll            |     2 |       ||     2
       Potion            |     1 |       ||     1
Armor: Leather armour    |    20 |       ||    20
       Ring mail         |    33 |     5 ||    38
Dodge: Dodged            |    86 |     5 ||    91
